 Dungeon Crawl Stone Soup version 0.30-a0-335-ge5acde7520 (webtiles) character file.

Game seed: 1288621466570593481

476 sanka the Magician (level 7, -1/45 HPs)
             Began as a Djinni Summoner on Oct 30, 2022.
             Killed by their own static electricity (4 damage)
             ... on level 4 of the Dungeon.
             The game lasted 00:06:14 (3926 turns).

sanka the Magician (Djinni Summoner)                Turns: 3926, Time: 00:06:14

Health: -1/45      AC:  3    Str:  7    XL:     7   Next: 33%
Gold:   243        EV: 12    Int: 18    God:
                   SH:  0    Dex: 14

rFire   + . .      SeeInvis .    s - +0 falchion
rCold   . . .      Faith    .    (no shield)
rNeg    . . .      Spirit   .    a - +0 robe
rPois   ∞          Reflect  .    (no helmet)
rElec   .          Harm     .    (no cloak)
rCorr   .          Rampage  .    t - +0 pair of gloves
Will    .....                    (boots unavailable)
Stlth   ++........               (no amulet)
HPRegen 0.27/turn                (no ring)
MPRegen 0.00/turn                q - ring of ice

@: flying
A: sickness immunity, fire resistance 2, cold vulnerability 1, float, innate
caster, HP casting, extra vitality 1
a: no special abilities


You were on level 4 of the Dungeon.
You visited 1 branch of the dungeon, and saw 4 of its levels.

You collected 243 gold pieces.


Innate Abilities, Weirdness & Mutations

You are immune to sickness and miasma.
You are immune to poison.
Your flesh is very heat resistant. (rF++)
You are vulnerable to cold. (rC-)
You float through the air rather than walking.
You learn spells naturally, not from books.
Your magical power is your life essence.
You have superior vitality. (+4 MHP)


   Skills:
 - Level 2.1 Dodging
 - Level 1.5 Stealth
 + Level 6.4 Spellcasting


You couldn't memorise any spells.
You knew the following spells:

 Your Spells              Type           Power      Damage    Failure   Level
c - Call Canine Familiar  Summ           29%        N/A       2%          3
i - Frozen Ramparts       Ice            86%        1d13      2%          3
u - Static Discharge      Conj/Air       58%        2-5/arc   1%          2
x - Call Imp              Summ           29%        N/A       1%          2
y - Foxfire               Conj/Fire      100%       2x1d9     1%          1
z - Summon Small Mammal   Summ           100%       N/A       1%          1
X - Summon Lightning Spi  Summ/Air       29%        N/A       8%          4
Z - Summon Guardian Gole  Hex/Summ       29%        N/A       2%          3
Your spell library was empty.

Inventory:

Hand Weapons
 b - a +0 short sword
 s - a +0 falchion (weapon)
Missiles
 f - a throwing net {=f}
Armour
 a - a +0 robe (worn)
 t - a +0 pair of gloves (worn)
Jewellery
 q - a ring of ice (right hand)
Scrolls
 c - 6 scrolls of identify {unknown}
 g - a scroll of fear {unknown}
 i - 3 scrolls of enchant weapon {unknown}
 m - a scroll of vulnerability {unknown}
 n - a scroll of amnesia {unknown}
 o - 2 scrolls of teleportation {unknown}
 p - 2 scrolls of brand weapon {unknown}
Potions
 d - 2 potions of curing {unknown}
 e - a potion of ambrosia {unknown}
 h - a potion of haste {@q3}
 j - 2 potions of heal wounds {unknown}
 k - a potion of might {unknown}
 l - a potion of brilliance {unknown}
 r - a potion of flight {unknown}

Dungeon Overview and Level Annotations

Branches:
Dungeon (4/15)
 Temple: D:4-7

Altars:
Ashenzari
Dithmenos
Fedhas
Nemelex Xobeh
Zin

Shops:
D:1 [ D:3

: ▒.......▒▒
▒....▒▒▒▒<.▒▒▒▒
▒.......▒ ▒▒▒▒.▒▒
▒▒....▒ ▒▒.......▒
▒..▒▒▒▒▒▒▒.▒▒
▒▒.......▒ ▒▒....▒
▒▒..▒▒▒▒ ▒▒.......▒
▒▒▒▒.▒▒▒......▒
▒▒.......▒
▒..▒▒>.....▒
▒▒.......▒
▒▒▒▒▒▒▒▒.▒.......▒▒
............
▒h.................
▒▒▒▒▒▒▒▒....
▒.▒R▒▒▒▒▒.▒▒▒▒▒▒▒▒▒▒
▒ ...▒▒. ▒.▒ ▒▒▒ ▒
..▒▒. ▒.▒ ▒ ▒. ▒.▒
▒. ▒£▒ . ▒.▒ ..▒ ▒▒▒


You could see a howler monkey.


Message History

Unknown command.
You start resting.
A howler monkey comes into view.
The howler monkey is struck by an arc of lightning.
The howler monkey is moderately wounded.
You are struck by an arc of lightning.
* * * LOW HITPOINT WARNING * * *
The lightning grounds out.
* * * LOW HITPOINT WARNING * * *
The howler monkey hoots and howls with incredible vigour!
You hear a shout!
You hear a shout!
You hear a shout!
You hear a shout!
The howler monkey is struck by an arc of lightning.
The howler monkey is heavily wounded.
You are struck by an arc of lightning.
* * * LOW HITPOINT WARNING * * *
The howler monkey is struck by an arc of lightning.
The howler monkey is severely wounded.
The lightning grounds out.
* * * LOW HITPOINT WARNING * * *
The howler monkey hits you.
* * * LOW HITPOINT WARNING * * *
The howler monkey barely misses you.
Unknown command.
The howler monkey is struck by an arc of lightning.
The howler monkey is almost dead.
You are struck by an arc of lightning.
You die...

Action                   |  1- 3 |  4- 6 |  7- 9 || total
-------------------------+-------+-------+-------++-------
Melee: Unarmed           |    11 |       |       ||    11
       Short sword       |    83 |    44 |     6 ||   133
       Punch             |     3 |       |       ||     3
       Falchion          |       |       |     3 ||     3
 Cast: Summon Small Mamm |     3 |       |       ||     3
       Call Imp          |    13 |     3 |       ||    16
       Foxfire           |       |    33 |       ||    33
       Static Discharge  |       |    10 |    13 ||    23
       Call Canine Famil |       |     1 |       ||     1
 Stab: Sleeping          |     2 |     4 |       ||     6
       Distracted        |       |       |     1 ||     1
Armor: Robe              |    24 |     9 |     2 ||    35
       Skin              |       |       |     2 ||     2
Dodge: Dodged            |    64 |    34 |    11 ||   109

Levels and vault maps discovered:
D:1:      roderic_dead_forest, layout_rooms, serial_shops, shop,
          minmay_octomino_e4
D:2:      layout_loops_corners, basic_ecumenical_altar,
          kennysheep_generic_room_10
D:3:      layout_loops_ring, grunt_temple_overflow_open,
          mainiacjoe_overflow_catwalk_spiral, moated_statue,
          kennysheep_pointless_box, nicolae_shop_vocational
D:4:      layout_rooms, nrook_mini_backslash, roderic_batcave, uniq_grinder,
          uniq_natasha

Notes
Turn   | Place    | Note
-------+----------+-------------------------------------------
     0 | D:1      | sanka the Djinni Summoner began the quest for the Orb.
     0 | D:1      | sanka set off with the following spells memorised: Summon
                  | Small Mammal, Call Imp, Call Canine Familiar, Summon
                  | Guardian Golem, Summon Lightning Spire.
     0 | D:1      | Reached XP level 1. HP: 15/15 MP: 0/0
    90 | D:1      | Reached XP level 2. HP: 10/21 MP: 0/0
   507 | D:1      | Reached XP level 3. HP: 23/25 MP: 0/0
   507 | D:1      | Learned a level 1 spell: Foxfire
   588 | D:1      | Reached skill level 4 in Spellcasting
   724 | D:1      | Found Tiuproi's Armour Shoppe.
  1419 | D:2      | Reached XP level 4. HP: 31/31 MP: 0/0
  1661 | D:2      | Found a faded altar of an unknown god.
  2279 | D:3      | Found a shadowy altar of Dithmenos.
  2356 | D:3      | Found Becups's Vocational Training.
  2711 | D:3      | Found a glowing silver altar of Zin.
  2734 | D:3      | Noticed a phantom
  2741 | D:3      | Killed a phantom
  2742 | D:3      | Reached skill level 5 in Spellcasting
  2742 | D:3      | Reached XP level 5. HP: 29/35 MP: 0/0
  2742 | D:3      | Learned a level 2 spell: Static Discharge
  2848 | D:3      | Found a sparkling altar of Nemelex Xobeh.
  2863 | D:3      | Found a broken altar of Ashenzari.
  2864 | D:3      | Found a blossoming altar of Fedhas.
  3181 | D:4      | Noticed Grinder
  3196 | D:3      | Reached XP level 6. HP: 20/40 MP: 0/0
  3301 | D:4      | Paralysed by Grinder for 2 turns
  3309 | D:4      | Killed Grinder
  3310 | D:4      | Reached skill level 6 in Spellcasting
  3310 | D:4      | Reached XP level 7. HP: 22/45 MP: 0/0
  3310 | D:4      | Learned a level 3 spell: Frozen Ramparts
  3745 | D:4      | Noticed Natasha
  3754 | D:4      | Killed Natasha
  3901 | D:4      | Noticed Natasha
  3906 | D:4      | Killed Natasha
  3926 | D:4      | Killed from afar by themself

Vanquished Creatures
  Grinder (D:4)
  A phantom (D:3)
  A hound (D:4)
  A jelly (D:4)
  Natasha (twice) (D:4)
  An adder (D:4)
  A worm (D:2)
  2 dart slugs
  5 ball pythons
  2 bats
  2 endoplasms
  4 giant cockroaches
  5 goblins
  7 hobgoblins
  3 kobolds
  2 quokkas
  2 frilled lizards
  3 rats
45 creatures vanquished.

Vanquished Creatures (collateral kills)
  An adder (D:2)
  2 dart slugs (D:1)
  2 endoplasms (D:1)
  2 hobgoblins (D:1)
  3 ball pythons
  A bat (D:1)
  4 goblins
  A kobold (D:1)
16 creatures vanquished.

Vanquished Creatures (others)
  48 foxfires
48 creatures vanquished.

Grand Total: 109 creatures vanquished
